 Dungeon Crawl Stone Soup version 0.30-a0-122-g2a1322497e (webtiles) character file.

Game seed: 8591745600329968557

21 NinjaNoafa the Vexing (level 2, -1/21 HPs)
             Began as a Barachi Hexslinger on Sept 16, 2022.
             Slain by Natasha (6 damage)
             ... on level 2 of the Dungeon.
             The game lasted 00:03:25 (1314 turns).

NinjaNoafa the Vexing (Barachi Hexslinger)          Turns: 1314, Time: 00:03:26

Health: -1/21      AC:  2    Str: 11    XL:     2   Next: 87%
Magic:  4/4        EV: 12    Int: 13    God:
Gold:   48         SH:  0    Dex: 12    Spells: 3/4 levels left

rFire   . . .      SeeInvis .    g - +0 dagger (venom)
rCold   . . .      Faith    .    j - orb {guile}
rNeg    + . .      Spirit   .    c - +0 robe
rPois   .          Reflect  .    (no helmet)
rElec   .          Harm     .    (no cloak)
rCorr   .          Rampage  .    (no gloves)
Will    .....                    (no boots)
Stlth   +.........               (no amulet)
HPRegen 0.07/turn                d - ring of positive energy
MPRegen 0.09/turn                (no ring)

@: confused, mighty, ambrosia-drunk, attractive, hasted, quick
A: amphibious, slowness 1, strong legs 1, +LOS
a: Hop


You were on level 2 of the Dungeon.
You visited 1 branch of the dungeon, and saw 2 of its levels.

You collected 48 gold pieces.

Inventory:

Hand Weapons
 g - a +0 dagger of venom (weapon)
 k - a +1 sling of freezing
Missiles
 e - 22 stones
Armour
 c - a +0 robe (worn)
 j - an orb of guile (worn)
Jewellery
 d - a ring of positive energy (left hand)
Scrolls
 f - a scroll of enchant weapon {unknown}
 h - a scroll of identify {unknown}
Potions
 a - a potion of attraction


   Skills:
 - Level 1.2 Fighting
 + Level 2.4 Ranged Weapons
 - Level 2.1 Dodging
 + Level 1.8 Spellcasting
 + Level 3.7 Hexes


You had 3 spell levels left.
You knew the following spells:

 Your Spells              Type           Power      Damage    Failure   Level
a - Slow                  Hex            40%        N/A       5%          1

Your spell library contained the following spells:

 Spells                   Type           Power      Damage    Failure   Level
 Blink                    Tloc           2%         N/A       36%         2
 Inner Flame              Hex/Fire       6%         N/A       36%         3
 Portal Projectile        Hex/Tloc       12%        N/A       36%         3
 Lesser Beckoning         Tloc           1%         N/A       61%         3
 Cause Fear               Hex            5%         N/A       50%         4
 Manifold Assault         Tloc           1%         N/A       95%         4


Dungeon Overview and Level Annotations

Branches:
Dungeon (2/15)

Altars:

Annotations:
D:2 Natasha


Innate Abilities, Weirdness & Mutations

You are amphibious.
You cover ground slowly.
You can hop short distances.
You have an extended range of vision and can be seen from far away.


Message History

No target in view!
Found a stone staircase leading down.
Found a sling.
Found a stone staircase leading up.
Natasha, Servant of Life and Death comes into view.
You shoot a sling bullet.
The sling bullet hits Natasha but does no damage.
Natasha drinks a potion.
Natasha flickers and vanishes!
Deactivating autopickup; reactivate with Ctrl-A.
No target in view!
Your +1 sling of freezing stops glowing.
Your +0 dagger of venom begins to drip with poison!
g - a +0 dagger of venom (weapon)
Something claws you!
You barely miss something.
You hear some strange, mumbled words.
It was a potion of attraction.
You feel attractive to monsters. Something claws you.
The white imp hits you but does no damage.
It was a potion of haste.
You feel yourself speed up. Something claws you.
The white imp closely misses you.
It was a potion of ambrosia.
You are confused.
You feel invigorated. Something claws you.
It was a potion of might.
You feel very mighty all of a sudden. The white imp hits you.
The white imp freezes you.
* * * LOW HITPOINT WARNING * * *
It was a potion of heal wounds.
You feel much better. Something claws you! The white imp hits you.
The white imp freezes you.
* * * LOW HITPOINT WARNING * * *
You hit something. Something claws you but does no damage.
You bump into the rock wall.
The white imp gestures at you. The puff of frost hits you!
* * * LOW HITPOINT WARNING * * *
Okay, then.
You are too confused!
You're too confused to move!
Something claws you.
You die...

#.# #.# #.#
#.# #.# #.#
#.##########
#........5.#
##########@#
#.# #.# ...
#.# #.# ...
#.# #.#


You could see a white imp (summoned).

Vanquished Creatures
  2 endoplasms
  A giant cockroach (D:1)
  3 goblins (D:1)
  A hobgoblin (D:2)
  A quokka (D:1)
  3 ball pythons
  2 bats
  2 frilled lizards
  3 kobolds (D:1)
  A rat (D:1)
19 creatures vanquished.

Notes
Turn   | Place    | Note
-------+----------+-------------------------------------------
     0 | D:1      | NinjaNoafa the Barachi Hexslinger began the quest for the
                  | Orb.
     0 | D:1      | Reached XP level 1. HP: 15/15 MP: 2/2
   379 | D:1      | Reached XP level 2. HP: 5/21 MP: 2/4
   722 | D:1      | Found a faded altar of an unknown god.
  1302 | D:2      | Noticed Natasha
  1314 | D:2      | Slain by Natasha

Illustrated notes

Levels and vault maps discovered:
D:1:      matt_arrival_refuge, layout_rooms,
          dreamdust_ecumenical_altar_hidden_monk_grotto
D:2:      layout_loops_ring, uniq_natasha

Action                   || total
-------------------------++-------
Melee: Dagger            ||     4
 Fire: Sling             ||    54
 Cast: Slow              ||     8
 Abil: Hop               ||     3
  Use: Scroll            ||     1
       Potion            ||     5
Armor: Robe              ||     8
Dodge: Dodged            ||    18

Table legend: (Time is in decaauts)
 A = Elapsed time spent in this place.
 B = Non-inter-level travel time spent in this place.
 C = Inter-level travel time spent in this place.
 D = Time resting spent in this place.
 E = Time spent auto-exploring this place.
 F = Levels seen in this place.
 G = Mean time per level.
                   A        B        C        D        E       F      G
               +--------+--------+--------+--------+--------+-----+--------+
         Total |   1464 |   1425 |     39 |      0 |   1169 |   2 |  732.0 |
       Dungeon |   1464 |   1425 |     39 |      0 |   1169 |   2 |  732.0 |
               +--------+--------+--------+--------+--------+-----+--------+

Top non-repeatable levels by time:
     D:1: 1195 daAuts
     D:2: 269 daAuts
